 Dungeon Crawl Stone Soup version 0.30-a0-930-gb9d0489357 (webtiles) character file.

Game seed: 11505230718341125080

10310 bearlyready the Cleaver (level 11, -8/147 HPs)
             Began as an Armataur Berserker on Mar 23, 2023.
             Was a High Priest of Trog.
             Mangled by Snorg (11 damage)
             ... on level 10 of the Dungeon.
             The game lasted 00:15:12 (9563 turns).

bearlyready the Cleaver (Armataur Berserker)        Turns: 9563, Time: 00:15:12

Health: -8/147     AC: 12    Str: 27    XL:     11   Next: 34%
Magic:  11/11      EV: 14    Int:  7    God:    Trog [*****.]
Gold:   651        SH:  0    Dex: 10    Spells: 10/10 levels left

rFire   + . .      SeeInvis .    W - +0 battleaxe
rCold   . . .      Faith    .    (shield currently unavailable)
rNeg    . . .      Spirit   .    O - +2 ring mail {rF+}
rPois   +          Reflect  .    S - +2 helmet
rElec   .          Roll     +    H - +0 cloak
rCorr   .                        (no gloves)
Will    .....                    (no barding) Stlth
                                 (no amulet)
HPRegen 0.44/turn                C - +5 ring of evasion
MPRegen 0.12/turn                R - ring of poison resistance

@: berserking, very quick
A: large, rugged brown scales 3, deformed body, armoured tail, roll, long
tongue, awkward tongue
a: Renounce Religion, Berserk, Trog's Hand, Brothers in Arms


You were on level 10 of the Dungeon.
You worshipped Trog.
Trog was extremely pleased with you.
You visited 1 branch of the dungeon, and saw 10 of its levels.
You also visited: Bailey.

You collected 651 gold pieces.

Inventory:

Hand Weapons
 a - a +0 hand axe
 I - a +0 war axe
 N - a +0 broad axe
 U - a +1 demon whip of venom
 W - a +0 battleaxe (weapon)
Missiles
 e - 83 stones
 f - a curare-tipped dart
 h - 43 poisoned darts (quivered)
 o - 6 boomerangs
 w - 5 javelins
Armour
 p - a +1 hat
 H - a +0 cloak (worn)
 O - a +2 ring mail of fire resistance (worn)
 S - a +2 helmet (worn)
 Y - +0 steam dragon scales
Jewellery
 l - a +6 ring of dexterity
 C - a +5 ring of evasion (left hand)
 R - a ring of poison resistance (right hand)
Wands
 A - a wand of flame (34)
 D - a wand of digging (5)
 M - a wand of roots (2)
 T - a wand of mindburst (1)
 X - a wand of charming (5)
Scrolls
 d - 2 scrolls of amnesia {unknown}
 g - 2 scrolls of silence {unknown}
 i - 3 scrolls of magic mapping
 m - 2 scrolls of fear {unknown}
 s - 2 scrolls of teleportation
 t - 3 scrolls of enchant weapon {unknown}
 u - 2 scrolls of enchant armour {unknown}
 x - a scroll of blinking {unknown}
 y - a scroll of butterflies {unknown}
 z - 4 scrolls of torment
 B - a scroll of vulnerability {unknown}
 E - 2 scrolls of poison {unknown}
 F - 2 scrolls of fog
 G - a scroll of acquirement
 J - 3 scrolls of noise {unknown}
 P - a scroll of immolation {unknown}
 Q - 4 scrolls of identify
 Z - a scroll of brand weapon {unknown}
Potions
 b - a potion of resistance
 c - 3 potions of curing
 j - 4 potions of mutation
 k - 3 potions of degeneration {unknown}
 n - 4 potions of heal wounds {unknown}
 q - a potion of cancellation
 r - 4 potions of brilliance {unknown}
 v - 4 potions of attraction {unknown}
 K - a potion of ambrosia {unknown}
 L - 2 potions of haste {unknown}
 V - a potion of lignification {unknown}


   Skills:
 + Level 7.4 Fighting
 + Level 12.8 Axes
 - Level 3.0 Throwing
 - Level 2.4 Armour
 - Level 1.3 Dodging
 - Level 5.2 Evocations


You had 10 spell levels left.
You didn't know any spells.
Your spell library was empty.

Dungeon Overview and Level Annotations

Branches:
Dungeon (10/15)            Temple (0/1) D:5            Lair (0/5) D:8
    Orc (0/2) D:10         Bailey (visited)

Altars:
Kikubaaqudgha
Nemelex Xobeh
Ru
Yredelemnul

Shops:
D:8 *   D:10 ([

Annotations:
D:6 Sigmund
D:10 Snorg


Innate Abilities, Weirdness & Mutations

You are completely covered in rugged brown scales. (AC +3, +7% HP)
Armour fits poorly on your strangely shaped body.
You have a long armoured tail.
You roll when moving toward enemies. (Rampage)
Your long tongue fully drains potion bottles. (2x potion effects)
Your tongue gives you trouble enunciating. (1.5x scroll delay)


Message History

You slice the orc priest!!
You kill the orc priest!
Trog accepts your kill.
You slice the orc priest!!
You kill the orc priest!
Trog accepts your kill. Snorg bites you. Snorg claws you!!
* * * LOW HITPOINT WARNING * * *
Snorg completely misses you.
You slice Snorg!! You tail-slap Snorg!
Snorg is almost dead.
Snorg bites you but does no damage. Snorg claws you but does no damage.
Snorg barely misses you.
You barely miss Snorg.
Snorg is almost dead.
Snorg closely misses you. Snorg claws you!
* * * LOW HITPOINT WARNING * * *
Snorg barely misses you.
You barely miss Snorg.
Snorg is severely wounded.
You hit the steam dragon. Snorg closely misses you. x2
Snorg claws you but does no damage.
You slice the steam dragon!!
The steam dragon is almost dead.
You slash Snorg! Snorg misses you. Snorg claws you but does no damage.
Snorg barely misses you. The steam dragon completely misses you.
The steam dragon misses you.
You slice the steam dragon!!
You kill the steam dragon!
Trog accepts your kill.
The steam dragon scales are intact enough to wear.
You closely miss Snorg. Snorg bites you!
* * * LOW HITPOINT WARNING * * *
Snorg barely misses you. x2; Snorg closely misses you.
Snorg claws you!
* * * LOW HITPOINT WARNING * * *
Snorg barely misses you.
You slice Snorg!! You tail-slap Snorg!
Snorg is almost dead.
Snorg bites you!
You die...

....... ....... .......
##########.......
.................
$$...............
..$....$))T......
.∩.>.∩.$.@[......
......)))........ ##
$.....)...####### #.
......)...#
###.###########.#
#.......# #.#########
#.......#######..[.......
#........................
#................########


You could see Snorg (berserk).

Vanquished Creatures
  A boulder beetle (D:8)
  Amaemon (D:8)
  2 orc knights (Bailey)
  An orange demon (D:8)
  Psyche (D:8)
  2 kobold demonologists (Bailey)
  Maggie (D:8)
  A hornet (D:9)
  A wyvern (D:9)
  2 wraiths (D:9)
  5 yaks
  A steam dragon (D:10)
  3 water moccasins
  2 black bears
  2 ice beasts
  12 orc warriors
  2 sky beasts (D:7)
  2 ogres (D:6)
  The ghost of superbruh the Slasher, an amateur DsGl of Lugonu (D:3)
  5 centaurs
  2 phantoms (D:6)
  4 kobold brigands
  7 bullfrogs
  3 scorpions
  13 killer bees
  2 howler monkeys (D:9)
  7 electric eels (Bailey)
  3 jellies
  4 hounds
  11 orc priests
  An iguana (D:5)
  Ijyb (D:5)
  A sleepcap (D:7)
  6 orc wizards
  3 gnolls
  6 adders
  3 shadow imps
  2 white imps
  An ufetubus (D:5)
  4 worms
  2 dart slugs (D:1)
  33 orcs
  7 ball pythons
  A bat zombie (D:5)
  7 endoplasms
  4 giant cockroaches
  8 goblins
  9 hobgoblins
  5 jackals
  3 quokkas
  4 bats
  2 frilled lizards (D:1)
  18 kobolds
  8 rats
243 creatures vanquished.

Vanquished Creatures (collateral kills)
  2 orc warriors (Bailey)
  3 gnolls (Bailey)
  4 orcs (Bailey)
  2 goblins (Bailey)
  2 hobgoblins (Bailey)
13 creatures vanquished.

Vanquished Creatures (others)
  An orc warrior (Bailey)
  A hobgoblin (Bailey)
  42 fungi
  28 plants
72 creatures vanquished.

Grand Total: 328 creatures vanquished

Notes
Turn   | Place    | Note
-------+----------+-------------------------------------------
     0 | D:1      | bearlyready the Armataur Berserker began the quest for the
                  | Orb.
     0 | D:1      | Reached XP level 1. HP: 19/19 MP: 1/1
   176 | D:1      | Reached XP level 2. HP: 20/26 MP: 2/2
   180 | D:1      | Reached skill level 3 in Axes
   539 | D:1      | Reached XP level 3. HP: 32/32 MP: 3/3
   986 | D:2      | Reached ** piety under Trog
  1060 | D:2      | Reached skill level 4 in Axes
  1327 | D:2      | Reached XP level 4. HP: 39/39 MP: 4/4
  1641 | D:3      | Found a faded altar of an unknown god.
  1729 | D:3      | Reached XP level 5. HP: 32/44 MP: 5/5
  1839 | D:3      | Found a runed translucent gate.
  1840 | D:3      | Found a runed translucent gate.
  1841 | D:3      | Found a runed translucent gate.
  1846 | D:3      | Noticed superbruh's ghost (amateur DsGl)
  2085 | D:3      | Reached skill level 5 in Axes
  2095 | D:3      | Killed superbruh's ghost
  2096 | D:3      | Reached XP level 6. HP: 8/53 MP: 6/6
  2299 | D:4      | Noticed a water moccasin
  2323 | D:4      | Reached skill level 6 in Axes
  2534 | D:4      | Reached *** piety under Trog
  3011 | D:4      | Killed a water moccasin
  3012 | D:4      | Reached XP level 7. HP: 59/59 MP: 7/7
  3337 | D:5      | Entered Level 5 of the Dungeon
  3397 | D:5      | Reached skill level 7 in Axes
  3471 | D:5      | Found an ancient bone altar of Kikubaaqudgha.
  3858 | D:5      | Reached skill level 1 in Evocations
  3985 | D:5      | Found a staircase to the Ecumenical Temple.
  4049 | D:5      | Noticed Ijyb
  4064 | D:5      | Reached XP level 8. HP: 58/66 MP: 8/8
  4074 | D:5      | Killed Ijyb
  4361 | D:5      | Found a sparkling altar of Nemelex Xobeh.
  4545 | D:6      | Noticed Sigmund
  4565 | D:7      | Reached skill level 8 in Axes
  4637 | D:7      | Reached skill level 1 in Throwing
  4712 | D:7      | Found a flagged portal.
  4737 | Bailey   | Entered a bailey
  4882 | Bailey   | Reached **** piety under Trog
  5036 | Bailey   | Noticed an orc knight
  5065 | Bailey   | Killed an orc knight
  5066 | Bailey   | Reached skill level 5 in Evocations
  5066 | Bailey   | Reached XP level 9. HP: 69/72 MP: 9/9
  5155 | Bailey   | Reached skill level 9 in Axes
  5348 | Bailey   | Noticed a kobold demonologist
  5366 | Bailey   | Killed a kobold demonologist
  5479 | Bailey   | Reached skill level 10 in Axes
  5584 | Bailey   | Noticed a kobold demonologist
  5602 | Bailey   | Noticed a smoke demon
  5603 | Bailey   | Killed a kobold demonologist
  5765 | Bailey   | Noticed an orc knight
  5792 | Bailey   | Killed an orc knight
  5793 | Bailey   | Reached skill level 11 in Axes
  5801 | Bailey   | Reached XP level 10. HP: 34/79 MP: 10/10
  6013 | Bailey   | Found an iron altar of Okawaru.
  7277 | D:8      | Found Eryajoy's Elemental Accessories.
  7278 | D:8      | Noticed Psyche
  7291 | D:8      | Killed Psyche
  7420 | D:8      | Noticed Amaemon
  7425 | D:8      | Noticed an orange demon
  7432 | D:8      | Killed Amaemon
  7435 | D:8      | Killed an orange demon
  7436 | D:8      | Reached skill level 5 in Fighting
  7444 | D:8      | Reached skill level 12 in Axes
  7515 | D:8      | Found a staircase to the Lair.
  7824 | D:8      | Found a sacrificial altar of Ru.
  7982 | D:8      | Reached ***** piety under Trog
  8067 | D:8      | Noticed Maggie
  8073 | D:8      | Killed Maggie
  8074 | D:8      | Reached XP level 11. HP: 91/96 MP: 11/11
  8252 | D:8      | Noticed a boulder beetle
  9056 | D:9      | Found a basalt altar of Yredelemnul.
  9283 | D:8      | Killed a boulder beetle
  9510 | D:10     | Entered Level 10 of the Dungeon
  9534 | D:10     | Found Jyeh's Armour Emporium.
  9537 | D:10     | Found a staircase to the Orcish Mines.
  9538 | D:10     | Found Xovo's Weapon Emporium.
  9543 | D:10     | Noticed Snorg
  9562 | D:10     | HP: 3/147 [Snorg (15)]
  9563 | D:10     | Mangled by Snorg

Illustrated notes

Levels and vault maps discovered:
D:1:      minmay_arrival_up_and_down, layout_loops_cross, hangedman_glass_teeth,
          minmay_tetromino_l4
D:2:      layout_loops_ring
D:3:      layout_rooms, gammafunk_ghost_nasty_kobolds,
          shapermc_ecumenical_altar_starsandcircs, nrook_loot_triangle
D:4:      layout_gridville, kennysheep_crisscross
D:5:      minmay_skewed_foursquare, layout_basic, nemelex_diamond_rough_becter,
          lemuel_zombie_altar_kikubaaqudgha, minmay_temple_entry_mini_moons,
          due_unseen_surprise, uniq_ijyb
D:6:      layout_basic, uniq_sigmund
D:7:      layout_rooms, enter_bailey_2
D:8:      kennysheep_spiral_hall, layout_basic, kennysheep_little_box,
          due_lair_maze_entry_diamond, nicolae_elemental_shop, uniq_maggie,
          uniq_psyche, uniq_amaemon
D:9:      layout_rooms, mainiacjoe_overflow_tiny_flanked
D:10:     layout_small_grid, grunt_temple_overflow_open, orc_david_3,
          serial_ice, serial_ice_j, serial_ice_b, serial_ice_n, serial_ice_g,
          minmay_misc_feat_doors, hangedman_abyss_or_decor_stabs, uniq_snorg,
          uniq_sonja

Skill      XL: |  1  2  3  4  5  6  7  8  9 10 11 |
---------------+----------------------------------+-----
Axes           | 3 4 5 6 7 8 11 12 | 12.8
Evocations     | 2 5 |  5.2
Throwing       | 3 |  3.0
Fighting       | 6 7 |  7.4
Armour         | |  2.4
Dodging        | |  1.3

Action                     |  1- 3 |  4- 6 |  7- 9 | 10-12 || total
---------------------------+-------+-------+-------+-------++-------
  Melee: Hand axe          |   102 |   119 |   194 |       ||   415
         Tailslap          |     7 |    12 |    25 |    49 ||    93
         Punch             |     1 |     1 |       |     7 ||     9
         War axe           |       |       |    80 |   292 ||   372
         Battleaxe         |       |       |       |    32 ||    32
  Throw: Dart              |       |     3 |     8 |     3 ||    14
         Javelin           |       |       |     1 |       ||     1
 Invoke: Berserk           |     1 |     4 |     7 |     3 ||    15
  Evoke: Wand              |       |       |    28 |     2 ||    30
    Use: Scroll            |       |     4 |     3 |     1 ||     8
         Potion            |       |       |     1 |       ||     1
   Stab: Sleeping          |     1 |       |       |       ||     1
         Distracted        |       |       |     1 |       ||     1
 Armour: Animal skin       |    16 |       |       |       ||    16
         Ring mail         |    20 |    43 |    92 |   129 ||   284
  Dodge: Dodged            |    45 |    40 |   116 |   246 ||   447

Table legend: (Time is in decaauts)
 A = Elapsed time spent in this place.
 B = Non-inter-level travel time spent in this place.
 C = Inter-level travel time spent in this place.
 D = Time resting spent in this place.
 E = Time spent auto-exploring this place.
 F = Levels seen in this place.
 G = Mean time per level.
                   A        B        C        D        E       F      G
               +--------+--------+--------+--------+--------+-----+--------+
         Total |   9653 |   9354 |    299 |    603 |   6883 |  11 |  877.5 |
       Dungeon |   8260 |   7961 |    299 |    242 |   6227 |  10 |  826.0 |
        Bailey |   1393 |   1393 |      0 |    361 |    656 |   1 | 1393.0 |
               +--------+--------+--------+--------+--------+-----+--------+

Top non-repeatable levels by time:
     D:8: 1411 daAuts
  Bailey: 1393 daAuts
     D:5: 1208 daAuts
     D:4: 1031 daAuts
     D:9: 910 daAuts
     D:1: 844 daAuts
     D:2: 761 daAuts
     D:3: 756 daAuts
     D:6: 689 daAuts
     D:7: 595 daAuts
    D:10: 51 daAuts
